Map: Hardwire LE

Players

llllIIIlllII - Winner!

  • Race: Terran Terran
  • League: Diamond

pbj

  • Race: Terran Terran
  • League: Diamond

VOD

Have the link to the VOD?

Description

Time

  • Played on: Dec. 16, 2021, 8:01 p.m.
  • Length: 30:28
Show
View Real Time Build Order
Export as new Build Order

llllIIIlllII Terran - Winner!

Build Orders:  

Get SALT Encoding   

  12  0:02  SCV  
  13  0:14  SCV  
  14  0:23  Supply Depot  
  14  0:26  SCV  
  15  0:34  Refinery  
  15  0:44  SCV  
  15  0:45  Barracks  
  16  0:56  SCV  
  17  1:08  SCV  
  18  1:21  Barracks x2  
  18  1:33  SCV  
  20  1:40  Reaper  
  20  1:41  Supply Depot  
  20  1:55  Orbital Command  
  20  1:59  Refinery  
  20  2:18  Reaper x3  
  23  2:26  Supply Depot  
  23  2:47  SCV  
  23  2:49  Supply Depot  
  24  2:59  SCV  
  24  3:00  Factory  
  21  3:56  Factory Tech Lab  
  21  4:00  Reaper x3  
  24  4:08  Command Center  
  24  4:13  Command Center  
  24  4:20  Supply Depot  
  24  4:26  Cyclone  
  27  4:32  Reaper x3  
  27  4:38  SCV  
  31  4:58  Siege Tank  
  35  5:00  SCV  
  35  5:04  Reaper x2  
  37  5:11  Engineering Bay  
  37  5:12  SCV  
  38  5:24  SCV  
  38  5:36  SCV  
  39  5:48  SCV  
  40  6:02  Planetary Fortress  
  40  6:04  Marine x3  
  43  6:15  Supply Depot  
  43  6:17  Supply Depot  
  43  6:18  Supply Depot  
  43  6:22  Marine x3  
  43  6:39  Marine  
  43  6:40  Marine  
  43  6:42  SCV  
  46  6:54  SCV  
  40  7:06  SCV  
  40  7:09  Siege Tank  
  41  7:36  SCV  
  42  7:38  SCV  
  42  7:41  Siege Tank  
  42  7:42  Planetary Fortress  
  46  7:44  Marine  
  46  7:48  SCV  
  46  7:49  Factory  
  46  7:50  Starport, SCV  
  49  8:00  SCV  
  49  8:02  SCV  
  50  8:13  Siege Tank  
  39  8:36  Starport Reactor  
  39  8:39  SCV x3  
  42  8:47  Refinery  
  42  8:48  Refinery  
  42  8:51  SCV x3, Marine  
  42  8:52  Fusion Core, Refinery x2, Marine x2, Supply Depot  
  42  8:53  Supply Depot  
  42  8:54  Factory Tech Lab  
  48  8:59  Siege Tank  
  51  9:03  SCV x2  
  51  9:04  SCV  
  51  9:09  Marine  
  55  9:15  SCV  
  55  9:16  SCV x2  
  58  9:27  SCV  
  58  9:28  SCV x2  
  58  9:29  Liberator  
  64  9:32  Siege Tank  
  64  9:34  Liberator  
  70  9:40  SCV x3  
  73  9:46  Marine x3  
  73  9:48  Weapon Refit, Missile Turret  
  73  9:52  SCV x2, Supply Depot  
  78  10:04  Marine  
  79  10:11  Liberator  
  72  10:44  Starport  
  72  10:45  Missile Turret  
  72  10:46  Starport, Missile Turret  
  72  10:47  Missile Turret  
  72  11:00  Viking  
  72  11:01  Viking  
  72  11:03  Marine x3  
  73  11:07  Armory, Cyclone  
  76  11:21  Marine x3  
  79  11:27  Advanced Ballistics  
  79  11:30  Viking  
  84  11:40  Cyclone  
  84  11:43  Marine x3  
  84  11:45  Starport Tech Lab x2  
  87  12:00  Command Center, Marine, Supply Depot  
  87  12:01  Marine x2  
  90  12:12  Siege Tank  
  93  12:18  Marine, Battlecruiser  
  93  12:20  Battlecruiser  
  106  12:23  Factory  
  106  12:24  Factory  
  106  12:25  Factory  
  106  12:30  SCV  
  106  12:37  Starport Tech Lab  
  107  12:38  SCV, Sensor Tower  
  107  12:40  Supply Depot  
  107  12:43  SCV  
  109  12:50  SCV  
  110  12:55  SCV  
  109  13:07  SCV  
  103  13:21  Factory Tech Lab x2  
  103  13:22  Factory Tech Lab, Battlecruiser  
  103  13:24  Planetary Fortress  
  103  13:26  Missile Turret, Battlecruiser  
  115  13:33  Battlecruiser  
  121  13:42  Refinery  
  121  13:48  Hellion x4  
  129  14:02  Barracks Tech Lab  
  129  14:06  Missile Turret  
  129  14:09  SCV x3, Hellion x2  
  136  14:12  Supply Depot  
  142  14:20  Supply Depot  
  142  14:21  SCV  
  143  14:38  Battlecruiser x2  
  155  14:42  Thor  
  161  14:54  Hellion  
  161  14:55  Hellion x2  
  166  15:15  Hellion  
  166  15:16  Hellion  
  166  15:17  Hellion  
  160  15:36  Hellion  
  164  15:45  Viking x3  
  151  15:51  Missile Turret  
  151  15:53  Missile Turret  
  150  15:58  Hellion  
  132  16:17  Viking  
  126  16:20  Viking  
  126  16:21  Hellion  
  126  16:22  Viking  
  114  16:47  Viking  
  114  16:48  Command Center  
  114  16:50  Viking  
  114  16:51  Viking  
  118  17:00  Marine x2  
  118  17:01  Marine  
  121  17:03  Factory Tech Lab  
  115  17:17  Viking  
  115  17:18  Marine x3  
  115  17:20  Viking  
  115  17:21  Viking  
  74  17:36  Marine x2  
  61  17:47  Viking  
  61  17:50  Viking  
  61  17:51  Viking  
  45  18:17  Viking  
  155  18:20  Viking  
  44  18:21  Viking  
  39  18:47  Viking  
  41  18:49  Viking  
  41  18:51  Viking  
  45  19:07  Marine x2  
  48  19:16  Planetary Fortress  
  47  19:17  Viking  
  47  19:19  Viking  
  47  19:21  Viking  
  22  19:47  Viking  
  22  19:49  Viking  
  22  20:00  Viking  
  22  20:14  Orbital Command  
  22  20:41  SCV  
  21  21:27  Viking x3  
  23  22:01  Orbital Command  
  21  22:35  SCV  
  22  22:47  SCV  
  21  23:24  SCV  
  22  23:37  SCV  
  23  23:49  SCV  
  24  24:01  SCV  
  25  24:10  Refinery  
  25  24:13  SCV  
  26  24:21  Supply Depot  
  23  26:31  Supply Depot  
  23  26:32  Supply Depot  
  23  26:52  Liberator  
  24  27:33  Orbital Command  
  24  28:01  SCV  
  25  29:00  Orbital Command  
  25  29:35  Refinery  
  25  29:37  Refinery  
  25  29:40  Command Center  
  25  29:59  Supply Depot  
  25  30:04  Supply Depot  
Show
View Real Time Build Order
Export as new Build Order

pbj Terran 

Build Orders:  

Get SALT Encoding   

  12  0:03  SCV  
  13  0:18  SCV  
  14  0:21  Supply Depot  
  14  0:30  SCV  
  14  0:31  Refinery  
  15  0:45  SCV  
  16  0:56  Barracks  
  16  0:57  SCV  
  16  0:59  Refinery  
  17  1:10  SCV  
  18  1:22  SCV  
  19  1:34  SCV  
  19  1:43  Barracks  
  19  1:47  SCV  
  20  2:10  Factory  
  20  2:12  Reaper  
  20  2:14  Orbital Command  
  21  2:30  Command Center  
  20  2:40  Supply Depot  
  20  2:49  SCV  
  21  2:53  Factory Tech Lab  
  21  3:01  SCV  
  22  3:13  SCV, Cyclone  
  17  3:49  Siege Tank  
  19  3:57  Orbital Command  
  19  4:02  SCV  
  20  4:09  Command Center  
  20  4:14  SCV  
  21  4:23  Marine  
  22  4:27  SCV  
  23  4:36  Siege Tank  
  27  4:38  SCV  
  27  4:39  SCV  
  27  4:43  Marine  
  29  4:50  SCV  
  29  4:51  SCV  
  31  5:02  SCV  
  31  5:04  SCV, Refinery  
  33  5:14  SCV  
  33  5:16  Barracks Tech Lab, SCV  
  33  5:20  Cyclone  
  38  5:27  SCV  
  38  5:28  SCV  
  40  5:32  SCV  
  41  5:40  SCV  
  38  6:05  Siege Tank  
  38  6:08  Orbital Command  
  41  6:20  SCV  
  42  6:31  Marauder  
  41  6:39  SCV, Refinery  
  42  6:42  Siege Tank  
  42  6:44  Command Center  
  45  6:51  SCV  
  40  7:05  Marauder  
  29  7:24  Siege Tank  
  29  7:28  Marauder  
  32  7:40  Starport  
  32  7:42  SCV x2  
  32  7:43  Starport  
  34  7:50  Concussive Shells  
  34  7:54  SCV x2  
  36  8:06  SCV  
  37  8:18  Orbital Command, SCV  
  37  8:19  Starport Tech Lab  
  32  8:27  SCV  
  32  8:30  SCV  
  34  8:35  Siege Tank  
  34  8:36  Starport Tech Lab, Marauder  
  34  8:39  Fusion Core, SCV  
  40  8:41  Orbital Command  
  40  8:44  Command Center, Refinery  
  40  8:47  SCV  
  40  8:48  Banshee, Cloaking Field  
  44  8:51  SCV  
  45  8:58  SCV  
  45  8:59  SCV  
  47  9:02  Refinery  
  47  9:03  SCV  
  47  9:04  Marauder  
  47  9:06  Stimpack  
  50  9:11  SCV  
  50  9:14  Banshee  
  54  9:18  SCV  
  54  9:23  SCV x2  
  57  9:26  SCV  
  57  9:30  Banshee, SCV  
  62  9:35  SCV x2  
  62  9:38  SCV, Supply Depot  
  65  9:41  Supply Depot  
  65  9:43  SCV  
  66  9:47  SCV  
  66  9:48  SCV  
  66  9:50  SCV  
  69  9:54  Starport  
  69  9:55  SCV, Cyclone  
  69  9:59  SCV x2  
  75  10:01  Battlecruiser  
  75  10:02  SCV  
  75  10:04  Refinery  
  75  10:06  Refinery  
  82  10:07  SCV  
  82  10:11  SCV  
  84  10:14  SCV  
  84  10:16  SCV  
  86  10:24  SCV  
  86  10:26  SCV  
  83  10:36  SCV  
  83  10:41  Cyclone  
  84  10:47  SCV x3  
  86  11:03  Starport Tech Lab, Battlecruiser  
  92  11:05  Battlecruiser  
  92  11:09  Orbital Command  
  98  11:12  Refinery  
  98  11:13  Refinery  
  98  11:16  SCV x2  
  94  11:31  SCV x2  
  96  11:43  Marauder  
  98  11:50  Battlecruiser  
  104  11:56  SCV x3  
  107  12:09  Refinery  
  107  12:20  Supply Depot  
  107  12:22  Weapon Refit  
  107  12:23  Supply Depot  
  107  12:40  Supply Depot  
  107  12:41  SCV x3  
  107  12:42  Marauder, Supply Depot  
  112  12:45  Battlecruiser  
  118  12:53  SCV x2  
  117  13:05  SCV  
  117  13:09  SCV  
  117  13:11  SCV  
  115  13:15  Battlecruiser x2  
  115  13:18  SCV  
  125  13:24  Supply Depot  
  125  13:25  Supply Depot  
  125  13:26  Supply Depot  
  125  13:29  SCV  
  125  13:30  SCV  
  125  13:31  SCV  
  129  13:41  SCV x2  
  129  13:42  Starport  
  129  13:43  SCV  
  129  13:46  Starport  
  129  13:48  Supply Depot, Cyclone  
  134  13:49  Battlecruiser, Supply Depot  
  134  13:52  Supply Depot  
  134  13:55  Supply Depot  
  140  14:12  SCV  
  140  14:14  SCV  
  142  14:19  Battlecruiser x2  
  154  14:31  Supply Depot  
  154  14:33  Armory  
  154  14:34  Battlecruiser x2  
  166  14:40  Factory Reactor  
  165  14:54  Battlecruiser  
  163  15:23  Battlecruiser x2  
  164  15:38  Battlecruiser  
  164  15:58  Battlecruiser  
  141  16:32  SCV x2  
  125  16:34  Battlecruiser x3  
  143  16:42  Battlecruiser  
  102  18:04  SCV  
  102  18:05  SCV, Battlecruiser  
  108  18:08  Hellion x2  
  100  18:24  SCV  
  95  18:30  Hellion x2  
  99  18:36  SCV  
  94  18:51  Hellion x2  
  92  19:12  Hellion x2  
  96  19:23  Command Center  
  84  19:34  Widow Mine  
  68  19:59  Widow Mine x2  
  40  20:35  Orbital Command  
  40  20:43  SCV x2  
  40  20:45  Hellion x2  
  46  20:55  SCV  
  40  21:06  Hellion  
  40  21:07  Hellion  
  43  21:28  Hellion x2  
  47  21:35  SCV  
  48  21:49  Hellion x2  
  34  22:11  Hellion x2  
  26  22:42  SCV  
  27  22:51  Command Center  
  27  22:55  Marine x2  
  29  23:12  Marine  
  30  23:33  Command Center  
  30  23:34  Engineering Bay  
  27  24:03  Planetary Fortress  
  27  24:16  Command Center  
  25  24:43  SCV  
  26  24:55  SCV  
  26  25:07  Barracks, SCV  
  26  25:08  Viking  
  26  25:09  Viking  
  31  25:19  SCV  
  32  25:35  SCV  
  33  25:57  Marine  
  29  26:14  Viking, Marine  
  28  26:47  Refinery  
  28  26:51  Refinery  
  24  27:30  Marine  
  16  27:41  SCV  
  18  27:53  SCV  
  19  28:05  SCV  
  9  29:24  SCV  
  9  29:28  Marine  
  11  29:36  SCV  
  12  29:46  Marine  
  13  29:55  SCV  
  14  30:03  Marine  
Tags
 
Add a new tag
Caveats
  • Supply blocks, unpowered buildings, or Contaminate may cause inaccurate times.
  • Supply counts are checked every 10 seconds.